 Dungeon Crawl Stone Soup version 0.28.0-1-gb440e238dd (webtiles) character file.

Game seed: 13149150063952720233

450 SweetAndFullOfGrace the Caller (level 6, -2/28 HPs)
             Began as a Spriggan Summoner on Feb 19, 2022.
             Succumbed to a kobold brigand's curare-tipped dart
             ... in a sewer.
             The game lasted 00:28:10 (5113 turns).

SweetAndFullOfGrace the Caller (Spriggan Summoner)  Turns: 5113, Time: 00:28:10

Health: -2/28      AC:  2    Str:  4    XL:     6   Next: 74%
Magic:  5/15       EV: 17    Int: 18    God:
Gold:   272        SH:  0    Dex: 16    Spells: 5/15 levels left

rFire   . . .      SeeInvis +   o - +0 dagger
rCold   . . .      Faith    .   (no shield)
rNeg    . . .      Spirit   .   a - +0 robe
rPois   .          Reflect  .   (helmet restricted)
rElec   .          Harm     .   (no cloak)
rCorr   .          Rampage  .   (gloves unavailable)
Will    +....                   (boots unavailable)
Stlth   +.........              (no amulet)
HPRegen 0.09/turn               (no ring)
MPRegen 0.14/turn               (no ring)

@: lethally poisoned (-2 -> -31), slowed, very slow
A: very small, no large weapons, unfitting armour, see invisible, speed 3
a: no special abilities


You were in a sewer.
You visited 1 branch of the dungeon, and saw 5 of its levels.
You also visited: Sewer.

You collected 272 gold pieces.

Inventory:

Hand Weapons
 f - a +0 short sword
 o - a +0 dagger (weapon)
 s - a +0 hunting sling
Missiles
 g - 101 stones
 k - 50 arrows
 p - 23 sling bullets
 r - 12 poisoned darts
 u - 22 bolts
Armour
 a - a +0 robe (worn)
 b - an orb of guile
Jewellery
 v - a ring of fire
Scrolls
 d - a scroll of blinking {unknown}
 h - a scroll of teleportation {unknown}
 l - 2 scrolls of vulnerability {unknown}
 w - a scroll of amnesia {unknown}
 y - a scroll of torment {unknown}
 z - a scroll of magic mapping {unknown}
Potions
 c - 2 potions of heal wounds
 e - 3 potions of curing
 i - 3 potions of lignification
 j - a potion of magic {unknown}
 m - a potion of brilliance {unknown}
 n - 2 potions of resistance
 q - a potion of mutation {unknown}
 t - 3 potions of degeneration {unknown}
 x - a potion of might {unknown}


   Skills:
 + Level 0.0 Fighting
 - Level 2.6 Dodging
 + Level 3.1 Stealth
 + Level 5.4 Spellcasting
 * Level 5.8 Summonings
 + Level 0.1 Air Magic


You had 5 spell levels left.
You knew the following spells:

 Your Spells              Type           Power      Damage    Failure   Level
a - Summon Small Mammal   Summ           100%       N/A       1%          1
b - Call Imp              Summ           26%        N/A       1%          2
c - Call Canine Familiar  Summ           26%        N/A       3%          3
d - Summon Lightning Spi  Summ/Air       15%        N/A       36%         4

Your spell library contained the following spells:

 Spells                   Type           Power      Damage    Failure   Level
 Summon Guardian Golem    Hex/Summ       15%        N/A       12%         3
 Slow                     Hex            16%        N/A       13%         1
 Sting                    Tmut/Pois      16%        1d3       13%         1
 Dazzling Flash           Conj/Hex       8%         N/A       36%         3
 Inner Flame              Hex/Fire       4%         N/A       36%         3


Dungeon Overview and Level Annotations

Branches:
Dungeon (5/15)              Sewer (1/1)
 Temple: D:4-7

Altars:
Ashenzari
Elyvilon
Hepliaklqana
Nemelex Xobeh


Innate Abilities, Weirdness & Mutations

You are very small and have problems with some larger weapons.
You are too small for most types of armour.
You have supernaturally acute eyesight. (SInv)
You cover ground extremely quickly. (Speed+++)


Message History

Your hound's corpse disappears in a puff of smoke!
The kobold brigand splashes around in the water.
Your crimson imp closely misses the kobold brigand.
Casting: Call Imp (safe; 1% risk of failure)
Confirm with . or Enter, or press ? or * to list all spells.
The kobold brigand misses your crimson imp.
Your crimson imp closely misses the kobold brigand.
You swap places.
The kobold brigand throws a curare-tipped dart.
The curare-tipped dart hits your crimson imp.
Your crimson imp blinks!
You see here a ball python corpse.
The kobold brigand throws a curare-tipped dart.
The curare-tipped dart barely misses your hound.
The curare-tipped dart barely misses you.
The kobold brigand throws a curare-tipped dart.
The curare-tipped dart completely misses your hound.
The curare-tipped dart hits you.
You are poisoned.
You have difficulty breathing.
You feel yourself slow down.
Your hound barely misses the kobold brigand.
You feel very sick.
Your hound splashes around in the water.
The kobold brigand hits your hound but does no damage.
Your hound closely misses the kobold brigand.
The kobold brigand hits your hound with a +4 short sword of protection!
You feel very sick.
Your hound closely misses the kobold brigand.
Your hound splashes around in the water.
The kobold brigand throws a curare-tipped dart.
The curare-tipped dart misses your hound.
The curare-tipped dart hits you.
You are lethally poisoned!
You have difficulty breathing.
* * * LOW HITPOINT WARNING * * *
You feel as though you will be slow longer.
Casting: Call Canine Familiar (dangerous; 3% risk of failure)
Confirm with . or Enter, or press ? or * to list all spells.
A shadowy apparition takes form in the air.
You die...

###..≈≈≈≈.. ≈K≈PP.≈≈P.####
###P..†.PP≈≈≈ #..K≈≈.P.P#
#K# ≈≈.≈≈.. #h# #≈≈≈≈≈≈≈
#5# #≈≈≈≈≈≈≈ #≈# #≈≈≈≈≈≈≈
#@#≈≈≈≈≈#≈#≈≈≈≈≈≈≈
#≈#≈≈≈≈≈#≈#≈≈≈≈≈≈≈
#≈#≈≈≈≈≈#≈#≈≈≈≈≈≈≈
#≈#≈≈≈≈≈#≈#≈≈≈...≈ ≈≈
#≈#≈≈≈≈≈#.#...†≈..
≈≈≈≈≈≈≈#≈#≈≈≈.≈P≈.≈...≈..
≈≈≈≈≈≈..#≈#..≈P.PP≈.....##
≈≈≈≈≈.≈≈#≈#≈.P.≈....≈..##
≈≈≈≈..≈.PP.≈..≈.≈...≈.####


You could see a kobold brigand (ally target), a friendly hound (summoned) and a
friendly shadow imp (summoned).

Vanquished Creatures
  2 ball pythons (D:2)
  An endoplasm (D:3)
  A giant cockroach (D:3)
  A goblin (D:3)
  2 hobgoblins
  A kobold (D:2)
  A rat (D:2)
9 creatures vanquished.

Vanquished Creatures (collateral kills)
  A kobold brigand (Sewer)
  A scorpion (D:4)
  Terence (D:3)
  Natasha (thrice) (D:3)
  An orc wizard (D:3)
  A hound skeleton (D:4)
  Robin (D:3)
  A gnoll (D:4)
  2 river rats
  4 adders
  An adder skeleton (D:4)
  5 worms
  2 dart slugs
  3 orcs (D:3)
  4 endoplasms
  A giant cockroach (D:3)
  12 goblins
  6 hobgoblins
  9 jackals
  7 kobolds
  2 quokkas
  6 ball pythons
  5 bats
  4 frilled lizards
  A jackal skeleton (D:3)
  8 rats
92 creatures vanquished.

Vanquished Creatures (others)
  6 plants (Sewer)
6 creatures vanquished.

Grand Total: 107 creatures vanquished

Notes
Turn   | Place    | Note
-------+----------+-------------------------------------------
     0 | D:1      | SweetAndFullOfGrace the Spriggan Summoner began the quest
                  | for the Orb.
     0 | D:1      | Reached XP level 1. HP: 9/9 MP: 5/5
   173 | D:1      | Reached skill level 3 in Spellcasting
   252 | D:1      | Reached XP level 2. HP: 13/13 MP: 5/7
   255 | D:1      | Learned a level 2 spell: Call Imp
   322 | D:1      | Got the Volume of Toxins and Execration
   450 | D:1      | Found a faded altar of an unknown god.
  1372 | D:2      | Reached XP level 3. HP: 16/16 MP: 5/8
  1376 | D:2      | Learned a level 3 spell: Call Canine Familiar
  1764 | D:2      | Reached skill level 4 in Summonings
  2420 | D:3      | Noticed Robin
  2626 | D:3      | Found a hazy altar of Hepliaklqana.
  2837 | D:3      | Reached XP level 4. HP: 21/21 MP: 3/10
  2849 | D:3      | Learned a level 4 spell: Summon Lightning Spire
  2913 | D:3      | Reached skill level 4 in Spellcasting
  2960 | D:3      | Noticed Terence
  2972 | D:3      | Killed Terence
  3034 | D:3      | Killed Robin
  3131 | D:3      | Noticed Natasha
  3145 | D:3      | Killed Natasha
  3146 | D:3      | Reached XP level 5. HP: 24/24 MP: 8/12
  3300 | D:3      | Noticed Natasha
  3313 | D:3      | Killed Natasha
  3366 | D:3      | Noticed Natasha
  3460 | D:3      | Reached skill level 5 in Summonings
  3487 | D:3      | Killed Natasha
  4066 | D:4      | Reached skill level 5 in Spellcasting
  4066 | D:4      | Reached XP level 6. HP: 28/28 MP: 4/14
  4490 | D:4      | Found a broken altar of Ashenzari.
  4605 | D:4      | Found a white marble altar of Elyvilon.
  4605 | D:4      | Found a sparkling altar of Nemelex Xobeh.
  4653 | D:5      | Entered Level 5 of the Dungeon
  4752 | D:5      | Found a glowing drain.
  4769 | Sewer    | Entered a sewer
  5113 | Sewer    | Succumbed to a kobold brigand's curare-tipped dart

Illustrated notes

Levels and vault maps discovered:
D:1:      dpeg_arrival_rooms_a, layout_basic, basic_ecumenical_altar,
          serial_bayou_pond_a
D:2:      layout_loops_corners, hangedman_decor_push, kennysheep_pointless_box
D:3:      layout_loops_ring, lemuel_round_altar, hex_medium, uniq_terence,
          uniq_natasha, uniq_robin
D:4:      layout_gridville, minitemple, mainiacjoe_overflow_small_starburst
D:5:      layout_loops_ring, lemuel_round_altar, lemuel_doored_altar,
          minmay_temple_entry_fiery, lightli_sewer_entry_pipes, uniq_menkaure
Sewer:    sewer_co_scattered_pipes

Skill      XL: |  1  2  3  4  5 |
---------------+----------------+-----
Spellcasting   | 3 4 5 |  5.4
Summonings     | 4 5 |  5.8
Dodging        | |  2.6
Stealth        | |  3.1
Air Magic      | |  0.1

Action                   |  1- 3 |  4- 6 || total
-------------------------+-------+-------++-------
Melee: Dagger            |     8 |    31 ||    39
       Short sword       |     2 |       ||     2
       Punch             |       |     1 ||     1
 Cast: Summon Small Mamm |    26 |     4 ||    30
       Call Imp          |    20 |    19 ||    39
       Call Canine Famil |     7 |    32 ||    39
  Use: Scroll            |       |     2 ||     2
 Stab: Sleeping          |     7 |     2 ||     9
Armor: Robe              |     3 |       ||     3
Dodge: Dodged            |    21 |    16 ||    37

Table legend: (Time is in decaauts)
 A = Elapsed time spent in this place.
 B = Non-inter-level travel time spent in this place.
 C = Inter-level travel time spent in this place.
 D = Time resting spent in this place.
 E = Time spent auto-exploring this place.
 F = Levels seen in this place.
 G = Mean time per level.
                   A        B        C        D        E       F      G
               +--------+--------+--------+--------+--------+-----+--------+
         Total |   3964 |   3880 |     84 |    203 |   2376 |   6 |  660.7 |
       Dungeon |   3638 |   3554 |     84 |    203 |   2302 |   5 |  727.6 |
         Sewer |    325 |    325 |      0 |      0 |     73 |   1 |  325.0 |
               +--------+--------+--------+--------+--------+-----+--------+

Top non-repeatable levels by time:
     D:3: 1136 daAuts
     D:2: 965 daAuts
     D:1: 862 daAuts
     D:4: 550 daAuts
   Sewer: 325 daAuts
     D:5: 123 daAuts

Table legend:
 A = Non-vault XP
 B = Vault XP
 C = Vault XP percentage of total XP
 D = Non-vault monster count
 E = Vault monster count
 F = Vault count percentage of total count
                 A         B        C        D         E       F
            +---------+---------+-------+---------+---------+-------
      Total |     354 |     289 |  44.9 |      67 |      34 |  33.7
            +---------+---------+-------+---------+---------+-------
        D:1 |      33 |       0 |   0.0 |      19 |       0 |   0.0
        D:2 |      35 |       2 |   5.4 |      15 |       1 |   6.2
        D:3 |     159 |     104 |  39.5 |      25 |      13 |  34.2
        D:4 |     127 |       0 |   0.0 |       8 |       0 |   0.0
        D:5 |       0 |      34 | 100.0 |       0 |       5 | 100.0
      Sewer |       0 |     149 | 100.0 |       0 |      15 | 100.0
            +---------+---------+-------+---------+---------+-------
